 Dungeon Crawl Stone Soup version 0.28-a0-845-gfc338a8e3c (webtiles) character file.

Game seed: 8714242859606274895

86 croobank the Charlatan (level 4, 0/25 HPs)
             Began as a Kobold Artificer on Nov 12, 2021.
             Was a Follower of Vehumet.
             Slain by a quokka (4 damage)
             ... on level 3 of the Dungeon.
             The game lasted 00:12:28 (3409 turns).

croobank the Charlatan (Kobold Artificer)           Turns: 3409, Time: 00:12:28

Health: 0/25       AC:  4    Str: 10    XL:     4   Next: 78%
Magic:  4/4        EV: 14    Int: 12    God:    Vehumet [*.....]
Gold:   71         SH:  0    Dex: 15    Spells: 2/3 levels left

rFire   . . .      SeeInvis .   i - +0 rapier
rCold   . . .      Faith    .   (shield restricted)
rNeg    . . .      Spirit   .   b - +0 leather armour
rPois   .          Reflect  .   (no helmet)
rElec   .          Harm     .   m - +0 cloak
rCorr   .          Rampage  .   (no gloves)
Will    .....                   (no boots)
Stlth   +++.......              (no amulet)
HPRegen 0.08/turn               (no ring)
MPRegen 0.09/turn               (no ring)

@: lethally poisoned (0 -> -4)
A: small, no large weapons, nightstalker 3
a: Renounce Religion


You were on level 3 of the Dungeon.
You worshipped Vehumet.
Vehumet was aware of your devotion.
You visited 1 branch of the dungeon, and saw 3 of its levels.

You collected 71 gold pieces.

Inventory:

Hand Weapons
 a - a +0 club
 g - a +0 dagger
 i - a +0 rapier (weapon)
Missiles
 h - 20 stones
 j - 6 poisoned darts
Armour
 b - a +0 leather armour (worn)
 m - a +0 cloak (worn)
Wands
 c - a wand of flame (10)
 d - a wand of charming (15)
 n - a wand of acid (9)
Scrolls
 p - a scroll of magic mapping
 r - a scroll of teleportation
 s - a scroll of vulnerability {unknown}
Potions
 k - a potion of ambrosia {unknown}
 l - 2 potions of curing {unknown}
 o - a potion of experience {unknown}
 q - a potion of lignification {unknown}
Miscellaneous
 e - a piece from Xom's chessboard (15/15)


   Skills:
 + Level 1.5 Fighting
 * Level 2.2 Short Blades
 + Level 1.5 Armour
 + Level 2.7 Dodging
 + Level 2.4 Stealth
 + Level 4.5 Evocations


You had 2 spell levels left.
You knew the following spells:

 Your Spells              Type           Power      Damage    Failure   Level
a - Magic Dart            Conj           0%         1d3       41%         1

Your spell library contained the following spells:

 Spells                   Type           Power      Damage    Failure   Level


Dungeon Overview and Level Annotations

Branches:
Dungeon (3/15)

Altars:
Vehumet


Innate Abilities, Weirdness & Mutations

You are small and have problems with some larger weapons.
You are completely attuned to the shadows.


Message History

You barely miss the adder. The adder barely misses you. The adder bites you.
You are poisoned.
The adder poisons you!
You closely miss the adder.
You feel sick. The adder closely misses you.
You hit the adder.
The adder is lightly wounded.
You feel sick. The adder closely misses you. The adder barely misses you.
You closely miss the adder.
You feel sick. The adder closely misses you.
You barely miss the adder.
You feel sick. The adder closely misses you.
You puncture the adder!
The adder is severely wounded.
You feel sick.
You are no longer poisoned.
The adder bites you.
You are poisoned.
The adder poisons you! The adder bites you.
You are lethally poisoned!
The adder poisons you!
Aiming: Magic Dart (safe; 41% risk of failure)
Press: ? - help, Q - select action, (/) - cycle Shift-Dir - straight line, f - adder
Aim: an adder (severely wounded, 100% to hit)
The magic dart hits the adder.
The adder is severely wounded.
* * * LOW HITPOINT WARNING * * *
You feel very sick. The adder completely misses you.
Aiming: Throw Flame
Press: ? - help, Shift-Dir - straight line, f/p - adder
Aim: an adder (severely wounded, 57% to hit)
The puff of flame hits the adder!
You kill the adder!
Vehumet accepts your kill.
* * * LOW HITPOINT WARNING * * *
You feel sick.
* * * LOW HITPOINT WARNING * * *
You feel sick. The quokka barely misses you.
It was a potion of magic.
Magic courses through your body.
* * * LOW HITPOINT WARNING * * *
You feel sick. The quokka bites you.
You die...

....... #...... #......
#...... #.@.... # #..#
#.r$... #
##..####w######## #####
#...##...........
....####.#.##.##.w......
###...#.......##..(.....
###.)...#.####........
##....#.# #........
##...#.# #....<...


You could see a dart slug and a quokka.

Vanquished Creatures
  4 adders
  A worm (D:2)
  7 endoplasms
  A giant cockroach (D:1)
  6 goblins
  4 hobgoblins
  9 kobolds
  A quokka (D:2)
  3 ball pythons
  3 bats
  A frilled lizard (D:1)
  4 rats
44 creatures vanquished.

Notes
Turn   | Place    | Note
-------+----------+-------------------------------------------
     0 | D:1      | croobank the Kobold Artificer began the quest for the Orb.
     0 | D:1      | Reached XP level 1. HP: 12/12 MP: 1/1
   367 | D:1      | Reached skill level 4 in Evocations
   483 | D:1      | Reached XP level 2. HP: 3/16 MP: 2/2
  1655 | D:1      | Reached skill level 1 in Armour
  1655 | D:1      | Reached XP level 3. HP: 13/20 MP: 3/3
  1974 | D:2      | Reached skill level 1 in Short Blades
  2576 | D:2      | Found a faded altar of an unknown god.
  2603 | D:2      | Prayed at the altar of an unknown god.
  2603 | D:2      | Became a worshipper of Vehumet
  2603 | D:2      | Reached * piety under Vehumet
  2603 | D:2      | Offered knowledge of Magic Dart by Vehumet.
  2606 | D:2      | Learned a level 1 spell: Magic Dart
  2617 | D:2      | Reached XP level 4. HP: 19/25 MP: 0/4
  3409 | D:3      | Slain by a quokka

Illustrated notes

Levels and vault maps discovered:
D:1:      wander_arrival_chamber, layout_basic, grunt_decor_one_mirror
D:2:      layout_loops_ring, shapermc_ecumenical_altar_starsandcircs
D:3:      layout_rooms, lightli_sewer_entry_pipes, grunt_decor_junction,
          solitary_fountain

Skill      XL: |  1  2  3  4 |
---------------+-------------+-----
Evocations     | 4 |  4.5
Armour         | 1 |  1.5
Short Blades   | 1 2 |  2.2
Stealth        | 2 |  2.4
Fighting       | |  1.5
Dodging        | |  2.7

Action                   |  1- 3 |  4- 6 || total
-------------------------+-------+-------++-------
Melee: Club              |    47 |       ||    47
       Rapier            |    70 |    26 ||    96
 Cast: Magic Dart        |     2 |     1 ||     3
Evoke: Wand              |     4 |     1 ||     5
  Use: Scroll            |     3 |       ||     3
       Potion            |     1 |     1 ||     2
 Stab: Sleeping          |    13 |     8 ||    21
       Distracted        |       |     1 ||     1
Armor: Leather armour    |    22 |     1 ||    23
Dodge: Dodged            |    82 |    17 ||    99

Table legend: (Time is in decaauts)
 A = Elapsed time spent in this place.
 B = Non-inter-level travel time spent in this place.
 C = Inter-level travel time spent in this place.
 D = Time resting spent in this place.
 E = Time spent auto-exploring this place.
 F = Levels seen in this place.
 G = Mean time per level.
                   A        B        C        D        E       F      G
               +--------+--------+--------+--------+--------+-----+--------+
         Total |   3438 |   3438 |      0 |   1126 |   1774 |   3 | 1146.0 |
       Dungeon |   3438 |   3438 |      0 |   1126 |   1774 |   3 | 1146.0 |
               +--------+--------+--------+--------+--------+-----+--------+

Top non-repeatable levels by time:
     D:1: 1977 daAuts
     D:2: 1366 daAuts
     D:3: 94 daAuts
